AoeStats
← Osmanidas

Hideout

509808312Analyzed
1v1 RM · 4d ago on Sep 28, 2026· 18m 39s· 2 players
Game mode
Random Map
Map size
Tiny (2 player)
Population
200
Speed
Normal
Resources
Standard
Victory
Conquest
Starting age
Dark Age
Ending age
Imperial Age
RankedLock teamsTeams togetherTeam positionsShared explorationLock speedFull tech treeHidden civsTurbo modeCheats
Victory
Defeat
🇲🇽 Aztecs · Mexico
906
+15
🇹🇷 Huns · Türkiye
882
-35
Osmanidas
10:00 Feudal Age
10:56 Horse Collar
11:05 Double-Bit Axe
Abner193260
1:29 Loom
12:15 Feudal Age
12:43 Man-at-Arms
14:12 Forging
14:03 Scale Mail Armor
Connection lost

Rejoining the realm…

Still unreachable

The connection could not be restored.

Session expired

The server has moved on; the page needs a fresh start.